 Dungeon Crawl Stone Soup version 0.31-a0-219-g8d62b2e7bb (webtiles) character file.

Game seed: 11434155479729681018

278 qw the Chopper (level 6, 0/38 HPs)
             Began as a Gargoyle Fighter on July 3, 2023.
             Killed from afar by Grinder (7 damage)
             ... with a puff of flame
             ... on level 3 of the Dungeon.
             The game lasted 00:00:58 (2143 turns).

qw the Chopper (Gargoyle Fighter)                   Turns: 2143, Time: 00:00:59

Health: 0/38       AC: 13    Str: 21    XL:     6   Next: 26%
Magic:  6/6        EV:  7    Int:  9    God:
Gold:   150        SH:  4    Dex:  9    Spells: 5/5 levels left

rFire   . . .        Y - +0 war axe
rCold   . . .        c - +0 buckler
rNeg    + . .        f - +0 chain mail
rPois   inf          (no helmet)
rElec   +            (no cloak)
rCorr   .            (no gloves)
SInv    .            (no boots)
Will    .....        (no amulet) Stlth
                     (no ring)
HPRegen 0.26/turn    (no ring)
MPRegen 0.10/turn

%: no passive effects
@: no status effects
A: sickness immunity, AC +4, negative energy resistance 1, electricity
resistance, torment resistance 1, petrification resistance
a: no special abilities


You were on level 3 of the Dungeon.
You visited 1 branch of the dungeon, and saw 3 of its levels.

You collected 150 gold pieces.


Innate Abilities, Weirdness & Mutations

You are immune to sickness and miasma.
Your stone body is resilient. (AC +4)
You are immune to poison.
You resist negative energy. (rN+)
You are resistant to electric shocks. (rElec)
You are resistant to unholy torment.
You are immune to petrification.


   Skills:
 - Level 4.1 Fighting
 + Level 5.4 Axes
 - Level 3.2 Armour
 - Level 3.2 Shields


You had 5 spell levels left.
You didn't know any spells.
Your spell library was empty.

Inventory:

Hand Weapons
 h - a +0 flail
 Y - a +0 war axe (weapon)
Armour
 b - a +0 pair of boots
 c - a +0 buckler (worn)
 f - a +0 chain mail (worn)
Scrolls
 e - a scroll of fear {unknown}
 j - a scroll of identify
 k - a scroll of teleportation {unknown}
Potions
 a - a potion of lignification {unknown}
 d - 3 potions of might
 g - a potion of attraction {unknown}
 i - a potion of curing {unknown}
 l - a potion of heal wounds {unknown}
 m - a potion of berserk rage {unknown}

Dungeon Overview and Level Annotations

Branches:
Dungeon (3/15)

Altars:

Shops:
D:1 (

Annotations:
D:3 Grinder


Message History

Enter note:
Enter note: You slash the ball python!
You kill the ball python!
You see here a ball python corpse.
You see here a ball python corpse.
Items here: % )))) [.
Items here: %% )) [.
Things that are here:
a +0 spear; a gnoll corpse
k - a scroll labelled NOYNANGUERR
Enter note:
Enter note: Grinder comes into view.
She is carrying a wand of flame (18).
Grinder shouts!
Grinder blinks!
Grinder moves out of view.
Enter note:
Enter note: Grinder says, "Don't move a muscle."
Grinder drinks a potion.
Grinder seems to speed up.
Enter note:
Enter note:
2135 ||| Stepping ~*~*~tactically~*~*~ (hiding).
2136 ||| Stepping ~*~*~tactically~*~*~ (hiding).
You start waiting.
Grinder is nearby!
You completely miss Grinder. Grinder hits you but does no damage.
Grinder hits you!
You closely miss Grinder.
Grinder says, "At least Makhleb appreciates what I'm doing."
Grinder hits you!
You writhe in agony.
Grinder hits you.
You writhe in agony.
You closely miss Grinder.
Grinder zaps a wand.
The puff of flame hits you!
You hit Grinder but do no damage. Grinder hits you but does no damage.
Grinder zaps a wand.
The puff of flame hits you.
You closely miss Grinder.
Grinder zaps a wand.
The puff of flame hits you.
Grinder zaps a wand.
The puff of flame hits you!
You die...

#.......# #..#
#.####### #..# #.#
#..####
#.############.....#
#..............###.#
..########.......###..#
#.5.....##.###......#.#
#.#####5##.# #.###....#
#@##.# #.# #....#
#....###'####.#...
######........# .#
#........# #
#........####
###.##.......
#.##...#### #.##.<.#
#.###.##


You could see Grinder (fast).

Vanquished Creatures
  Sigmund (D:2)
  An orc priest (D:3)
  3 gnolls (D:3)
  An adder (D:2)
  A worm (D:2)
  A dart slug (D:3)
  5 orcs (D:3)
  5 bats
  4 endoplasms
  3 giant cockroaches
  5 goblins
  A hobgoblin (D:3)
  5 ball pythons
  4 kobolds
  2 rats (D:2)
42 creatures vanquished.

Notes
Turn   | Place    | Note
-------+----------+-------------------------------------------
     0 | D:1      | qw the Gargoyle Fighter began the quest for the Orb.
     0 | D:1      | Reached XP level 1. HP: 14/14 MP: 1/1
     0 | D:1      | 0 ||| qw: Version: 0.3-a-40-ge99b1a8
     0 | D:1      | 0 ||| qw: Game counter: 421
     0 | D:1      | 0 ||| qw: Melee chars always use a shield: true
     0 | D:1      | 0 ||| qw: God list: Okawaru
     0 | D:1      | 0 ||| qw: Allow faded altars: false
     0 | D:1      | 0 ||| qw: Do Orc after clearing Dungeon:15 true
     0 | D:1      | 0 ||| qw: Do second Lair branch before Depths: true
     0 | D:1      | 0 ||| qw: Lair rune preference: random
     0 | D:1      | 0 ||| qw: Goals: Normal, Zot:1-4, Slime:5, God:TSO, Crypt,
                  | Tomb, Abyss, Pan, Hells, Win
     0 | D:1      | 0 ||| PLANNING D:1-11
    29 | D:1      | Reached skill level 2 in Axes
   180 | D:1      | Found a faded altar of an unknown god.
   317 | D:1      | Reached XP level 2. HP: 18/19 MP: 2/2
   386 | D:1      | Found Ybeiche's Weapon Boutique.
   394 | D:1      | 394 ||| SHOPLISTING +0 whip (32 gold, have 10).
   687 | D:1      | 687 ||| READING scroll labelled OCEDDE MIBAFRU.
   688 | D:1      | 688 ||| READING scroll labelled WULLEM VITOP.
   689 | D:1      | 689 ||| READING scroll labelled RUXKEH TUFIAFO.
   790 | D:1      | 790 ||| READING 2 scrolls labelled IFFEOKE TEYRYKH.
   791 | D:1      | 791 ||| READING scroll labelled AWYLUW NARPHA.
   898 | D:2      | Reached skill level 3 in Axes
   898 | D:2      | Reached XP level 3. HP: 23/23 MP: 3/3
   942 | D:2      | Noticed Sigmund
   955 | D:2      | HP: 4/23 [Sigmund/puff of flame (2)]
   960 | D:2      | Killed Sigmund
   961 | D:2      | Reached skill level 5 in Axes
   961 | D:2      | Reached XP level 4. HP: 7/28 MP: 4/4
   961 | D:2      | Reached XP level 5. HP: 8/32 MP: 5/5
  1024 | D:2      | 1024 ||| Stepping ~*~*~tactically~*~*~ (stealth).
  1706 | D:2      | 1706 ||| UPGRADING to +0 chain mail.
  1716 | D:2      | 1716 ||| DROPPING +0 scale mail.
  1717 | D:2      | 1717 ||| DROPPING orb of mayhem.
  1718 | D:2      | 1718 ||| READING 2 scrolls labelled VYTAESO ILUBB.
  1719 | D:2      | 1719 ||| DROPPING scroll of amnesia.
  1812 | D:3      | 1812 ||| Stepping ~*~*~tactically~*~*~ (stealth).
  1813 | D:3      | 1813 ||| Stepping ~*~*~tactically~*~*~ (stealth).
  1816 | D:3      | 1816 ||| Stepping ~*~*~tactically~*~*~ (stealth).
  1817 | D:3      | 1817 ||| Stepping ~*~*~tactically~*~*~ (stealth).
  1818 | D:3      | 1818 ||| Stepping ~*~*~tactically~*~*~ (stealth).
  1875 | D:3      | 1875 ||| DROPPING +0 club.
  1889 | D:3      | Reached XP level 6. HP: 38/38 MP: 6/6
  1901 | D:3      | 1901 ||| FLEEEEING.
  1902 | D:3      | 1902 ||| FLEEEEING.
  1947 | D:3      | 1947 ||| Stepping ~*~*~tactically~*~*~ (hiding).
  2133 | D:3      | Noticed Grinder
  2135 | D:3      | 2135 ||| Stepping ~*~*~tactically~*~*~ (hiding).
  2136 | D:3      | 2136 ||| Stepping ~*~*~tactically~*~*~ (hiding).
  2142 | D:3      | HP: 8/38 [Grinder/puff of flame (4)]
  2143 | D:3      | Killed from afar by Grinder

Levels and vault maps discovered:
D:1:      mrwooster_arrival_statue, layout_loops_ring, serial_shops,
          nicolae_shop_bloodbath_and_beyond, ebering_ecumenical_altar_hall
D:2:      layout_basic, serial_rivers, chequers_serial_rivers_micro_b,
          chequers_serial_rivers_large_a, chequers_serial_rivers_small_b,
          chequers_serial_rivers_large_b, chequers_serial_rivers_small_b,
          chequers_serial_rivers_micro_e, uniq_sigmund
D:3:      layout_basic, uniq_grinder

Skill      XL: |  1  2  3  4  5  6 |
---------------+-------------------+-----
Axes           | 2 3 5 |  5.4
Fighting       | 4 |  4.1
Armour         | |  3.2
Shields        | |  3.2

Action                     |  1- 3 |  4- 6 || total
---------------------------+-------+-------++-------
  Melee: War axe           |    52 |    93 ||   145
    Use: Scroll            |     5 |     1 ||     6
 Armour: Scale mail        |    26 |    18 ||    44
         Chain mail        |       |    39 ||    39
  Dodge: Dodged            |    22 |    35 ||    57
  Block: Buckler           |     6 |    13 ||    19

Table legend:
 A = Non-vault XP
 B = Vault XP
 C = Vault XP percentage of total XP
 D = Non-vault monster count
 E = Vault monster count
 F = Vault count percentage of total count
                 A         B        C        D         E       F
            +---------+---------+-------+---------+---------+-------
      Total |     167 |     231 |  58.0 |      41 |       1 |   2.4
            +---------+---------+-------+---------+---------+-------
        D:1 |      19 |       0 |   0.0 |      11 |       0 |   0.0
        D:2 |      33 |     231 |  87.5 |      13 |       1 |   7.1
        D:3 |     115 |       0 |   0.0 |      17 |       0 |   0.0
            +---------+---------+-------+---------+---------+-------
